 Dungeon Crawl Stone Soup version 0.27.1-35-g4d5d836560 (webtiles) character file.

Game seed: 2354743797422152926

494 tkbsonic5 the Ducker (level 7, -2/52 HPs)
             Began as a Gnoll Wanderer on Jan 2, 2023.
             Was a Believer of Lugonu.
             Slain by an ogre (8 damage)
             ... on level 4 of the Dungeon.
             The game lasted 00:20:01 (3042 turns).

tkbsonic5 the Ducker (Gnoll Wanderer)               Turns: 3042, Time: 00:20:02

Health: -2/52      AC: 12    Str: 12    XL:     7   Next: 15%
Magic:  10/10      EV:  4    Int: 10    God:    Lugonu [**....]
Gold:   169        SH:  5    Dex: 14    Spells: 10/10 levels left

rFire    . . .     SeeInvis .   d - +1 dagger (protect)
rCold    . . .     Faith    .   (no shield)
rNeg     + . .     Spirit   .   i - +0 plate armour
rPois    +         Reflect  +   (no helmet)
rElec    .         Harm     .   (no cloak)
rCorr    +         Rampage  .   (no gloves)
Will     .....                  (no boots)
Stlth    ..........             g - amulet of reflection
HPRegen  0.17/turn              c - ring of resist corrosion
MPRegen  0.12/turn              t - ring of positive energy

@: very slightly contaminated, invisible
A: fangs 1, strong nose, distributed training, poison resistance, wild magic 1
a: Renounce Religion, Depart the Abyss, Bend Space


You were on level 4 of the Dungeon.
You worshipped Lugonu.
Lugonu was pleased with you.
You visited 1 branch of the dungeon, and saw 4 of its levels.

You collected 169 gold pieces.

Inventory:

Hand Weapons
 a - a +2 shortbow
 d - a +1 dagger of protection (weapon)
 o - a +0 hunting sling
 v - a +4 vampiric scythe
 w - a +2 dagger of venom
Missiles
 b - 19 arrows
 f - 15 sling bullets
 l - 16 bolts
 n - 19 poisoned darts (quivered)
Armour
 e - a +0 robe
 h - a +0 leather armour
 i - a +0 plate armour (worn)
 j - a +0 scale mail
 k - a +0 ring mail
 m - a +0 chain mail
Jewellery
 c - a ring of resist corrosion (left hand)
 g - an amulet of reflection (around neck)
 t - a ring of positive energy (right hand)
 u - a ring of fire
Scrolls
 r - 2 scrolls of amnesia
Potions
 q - a potion of flight


   Skills:
 + Level 3.5 Fighting
 + Level 2.3 Short Blades
 + Level 2.3 Long Blades
 + Level 2.3 Axes
 + Level 2.3 Maces & Flails
 + Level 2.3 Polearms
 + Level 3.5 Staves
 + Level 2.3 Slings
 + Level 3.5 Bows
 + Level 2.3 Crossbows
 + Level 3.5 Throwing
 + Level 5.1 Armour
 + Level 5.1 Dodging
 + Level 4.8 Stealth
 + Level 2.3 Shields
 + Level 2.3 Unarmed Combat
 + Level 2.3 Spellcasting
 + Level 1.8 Conjurations
 + Level 1.8 Hexes
 + Level 1.8 Summonings
 + Level 1.8 Necromancy
 + Level 1.8 Translocations
 + Level 1.8 Transmutations
 + Level 1.8 Fire Magic
 + Level 1.8 Ice Magic
 + Level 1.8 Air Magic
 + Level 1.8 Earth Magic
 + Level 1.8 Poison Magic
 + Level 2.5 Invocations
 + Level 2.3 Evocations


You had 10 spell levels left.
You didn't know any spells.
Your spell library was empty.

Dungeon Overview and Level Annotations

Branches:
Dungeon (4/15)
 Temple: D:4-7

Altars:
Okawaru
Lugonu

Portals:
Ossuary: D:4

Annotations:
D:3 1 runed translucent door, Crazy Yiuf


Innate Abilities, Weirdness & Mutations

You have very sharp teeth.
Your uncanny sense of smell can sniff out nearby items.
Your experience applies equally to all skills.
Your system is resistant to poisons. (rPois)
Your spells are a little harder to cast, but a little more powerful.


Message History

The ogre is moderately wounded.
The adder bites you but does no damage. You block the goblin's attack.
The ogre hits you with a +0 giant spiked club!
The adder bites you.
You are poisoned.
The adder poisons you! The goblin hits you but does no damage.
The ogre hits you with a +0 giant spiked club!!
Space bends around you!
You blink.
You feel sick.
Okay, then.
You feel sick.
You feel sick.
You see here a potion of invisibility.
p - a potion of invisibility You feel sick.
You fade into invisibility!
You feel sick.
You are very lightly contaminated with residual magic.
You closely miss the adder.
The adder is almost dead.
You feel sick.
You are no longer poisoned.
The adder bites you but does no damage. The adder bites you.
* * * LOW HITPOINT WARNING * * *
The adder barely misses you.
Okay, then.
Okay, then.
Okay, then.
Your plate armour prevents you from hitting the adder.
Your bite misses the adder.
The adder is almost dead.
The adder bites you.
* * * LOW HITPOINT WARNING * * *
The adder bites you but does no damage.
Okay, then.
You feel the dreadful sensation subside.
Your +1 dagger of protection hums with potential!
d - a +1 dagger of protection (weapon)
The adder bites you but does no damage.
The ogre hits you with a +0 giant spiked club!
You die...

#..............#....#..
#....##.....#....(....#
..##.##......#.#..#...#.
.....##.................
..#..###...#..[..∩......
..........##...#........
.......##......g........
.......###.....SO.....#
................@.....#
#..##...............###
#.#.................#
...............###...#
##.............# #...#
#.............. .....
#.##.......... ....
#####........ ....
###...........


You could see an ogre, an adder and a goblin.

Vanquished Creatures
  Sigmund (D:3)
  A necrophage (D:4)
  A scorpion (D:4)
  2 vampire bats (D:3)
  Robin (D:3)
  2 adders
  An ufetubus (D:4)
  A worm (D:3)
  3 dart slugs
  2 orcs
  4 ball pythons
  5 endoplasms
  4 giant cockroaches
  7 hobgoblins
  4 kobolds
  15 bats
  4 frilled lizards
  9 goblins
  4 rats
71 creatures vanquished.

Vanquished Creatures (others)
  A fungus (D:3)
  8 plants (D:3)
9 creatures vanquished.

Grand Total: 80 creatures vanquished

Notes
Turn   | Place    | Note
-------+----------+-------------------------------------------
     0 | D:1      | tkbsonic5 the Gnoll Wanderer began the quest for the Orb.
     0 | D:1      | tkbsonic5 set off with the following items: a +2 shortbow,
                  | 27 arrows, a +0 falchion, a potion of curing, a +0 robe, a
                  | +0 dagger
     0 | D:1      | Reached XP level 1. HP: 17/17 MP: 1/1
   347 | D:1      | Reached XP level 2. HP: 23/23 MP: 2/2
   924 | D:2      | Reached XP level 3. HP: 28/28 MP: 3/3
   967 | D:2      | Gained mutation: Your spells are a little harder to cast,
                  | but a little more powerful. [potion of mutation]
   967 | D:2      | Gained mutation: Your system is resistant to poisons.
                  | (rPois) [potion of mutation]
  1134 | D:2      | Reached skill level 1 in Invocations
  1355 | D:3      | Reached skill level 1 in Short Blades
  1355 | D:3      | Reached skill level 1 in Long Blades
  1355 | D:3      | Reached skill level 1 in Axes
  1355 | D:3      | Reached skill level 1 in Maces & Flails
  1355 | D:3      | Reached skill level 1 in Polearms
  1355 | D:3      | Reached skill level 1 in Slings
  1355 | D:3      | Reached skill level 1 in Crossbows
  1355 | D:3      | Reached skill level 1 in Shields
  1355 | D:3      | Reached skill level 1 in Unarmed Combat
  1355 | D:3      | Reached skill level 1 in Spellcasting
  1355 | D:3      | Reached skill level 1 in Evocations
  1509 | D:3      | Noticed Sigmund
  1833 | D:3      | Reached XP level 4. HP: 34/34 MP: 5/5
  1930 | D:3      | Found a faded altar of an unknown god.
  1936 | D:3      | Became a worshipper of Lugonu the Unformed
  1936 | D:3      | Reached * piety under Lugonu
  1936 | D:3      | Reached ** piety under Lugonu
  2013 | D:3      | Found a runed translucent door.
  2014 | D:3      | Noticed Crazy Yiuf
  2126 | D:3      | Killed Sigmund
  2127 | D:3      | Reached skill level 1 in Conjurations
  2127 | D:3      | Reached skill level 1 in Hexes
  2127 | D:3      | Reached skill level 1 in Summonings
  2127 | D:3      | Reached skill level 1 in Necromancy
  2127 | D:3      | Reached skill level 1 in Translocations
  2127 | D:3      | Reached skill level 1 in Transmutations
  2127 | D:3      | Reached skill level 1 in Fire Magic
  2127 | D:3      | Reached skill level 1 in Ice Magic
  2127 | D:3      | Reached skill level 1 in Air Magic
  2127 | D:3      | Reached skill level 1 in Earth Magic
  2127 | D:3      | Reached skill level 1 in Poison Magic
  2127 | D:3      | Reached XP level 5. HP: 22/41 MP: 5/7
  2127 | D:3      | Reached XP level 6. HP: 26/47 MP: 5/8
  2259 | D:3      | Noticed Robin
  2272 | D:3      | Killed Robin
  2364 | D:3      | Reached skill level 5 in Armour
  2364 | D:3      | Reached skill level 5 in Dodging
  2706 | D:4      | Found an iron altar of Okawaru.
  2841 | D:4      | Noticed a necrophage
  2849 | D:4      | Killed a necrophage
  2850 | D:4      | Reached XP level 7. HP: 52/52 MP: 10/10
  3023 | D:4      | Found a sand-covered staircase.
  3042 | D:4      | Slain by an ogre

Illustrated notes

Levels and vault maps discovered:
D:1:      amcnicky_arrival_abandoned_market, layout_basic
D:2:      layout_rooms
D:3:      layout_rooms, serial_aquarium, aquarium_bridge_long_separate
          [aquarium_subvault_balcony, aquarium_subvault_bridge,
          aquarium_subvault_bridge, aquarium_subvault_window,
          aquarium_subvault_window, aquarium_subvault_bridge],
          aquarium_window_2, aquarium_window_2, aquarium_window_fake,
          aquarium_window_1, aquarium_view_2a, aquarium_view_2c,
          shapermc_ecumenical_altar_mp_ritualfount, roderic_batcave,
          uniq_crazy_yiuf_cottage, uniq_robin, uniq_sigmund
D:4:      layout_cave_pools, nicolae_overflow_crystal_walls,
          ebering_ghost_disaster_area, nicolae_ossuary_entry_ruins

Skill      XL: |  1  2  3  4  5  6 |
---------------+-------------------+-----
Invocations    | 1 2 |  2.5
Short Blades   | 1 2 |  2.3
Long Blades    | 1 2 |  2.3
Axes           | 1 2 |  2.3
Maces & Flails | 1 2 |  2.3
Polearms       | 1 2 |  2.3
Slings         | 1 2 |  2.3
Crossbows      | 1 2 |  2.3
Shields        | 1 2 |  2.3
Unarmed Combat | 1 2 |  2.3
Spellcasting   | 1 2 |  2.3
Evocations     | 1 2 |  2.3
Fighting       | 3 |  3.5
Staves         | 3 |  3.5
Bows           | 3 |  3.5
Throwing       | 3 |  3.5
Conjurations   | 1 |  1.8
Hexes          | 1 |  1.8
Summonings     | 1 |  1.8
Necromancy     | 1 |  1.8
Translocations | 1 |  1.8
Transmutations | 1 |  1.8
Fire Magic     | 1 |  1.8
Ice Magic      | 1 |  1.8
Air Magic      | 1 |  1.8
Earth Magic    | 1 |  1.8
Poison Magic   | 1 |  1.8
Armour         | 5 |  5.1
Dodging        | 5 |  5.1
Stealth        | |  4.8

Action                   |  1- 3 |  4- 6 |  7- 9 || total
-------------------------+-------+-------+-------++-------
Melee: Falchion          |     6 |       |       ||     6
       Dagger            |    32 |       |       ||    32
       Spear             |     5 |    11 |       ||    16
       Bite              |     4 |     9 |     1 ||    14
       Scythe            |       |    86 |    17 ||   103
 Fire: Shortbow          |    58 |    25 |       ||    83
Throw: Dart              |       |     2 |     2 ||     4
Invok: Bend Space        |       |     3 |     1 ||     4
  Use: Scroll            |     6 |     1 |     2 ||     9
       Potion            |     6 |     4 |     1 ||    11
Armor: Robe              |     5 |       |       ||     5
       Plate armour      |    26 |   137 |    19 ||   182
       Chain mail        |     1 |       |       ||     1
Dodge: Dodged            |    16 |    42 |     4 ||    62
Block: Other             |     9 |    42 |    11 ||    62
       Rpst.: Falchion   |     2 |       |       ||     2
